 Dungeon Crawl Stone Soup version 0.29.1-12-g30fa7ad0bf (webtiles) character file.

Game seed: 10267227119108767129

180 sanboga the Ruffian (level 5, -12/53 HPs)
             Began as a Troll Monk on Jan 14, 2023.
             Mangled by Duvessa
             ... wielding a +0 short sword
              (15 damage)
             ... on level 4 of the Dungeon.
             The game lasted 00:03:20 (2188 turns).

sanboga the Ruffian (Troll Monk)                    Turns: 2188, Time: 00:03:20

Health: -12/53     AC: 10    Str: 21    XL:     5   Next: 33%
Magic:  4/4        EV: 10    Int:  6    God:
Gold:   223        SH:  0    Dex: 12    Spells: 4/4 levels left

rFire   . . .      SeeInvis .     - Unarmed
rCold   . . .      Faith    .   (no shield)
rNeg    . . .      Spirit   .   a - +0 robe
rPois   .          Reflect  .   (helmet restricted)
rElec   .          Harm     .   s - +1 cloak
rCorr   +          Rampage  .   (gloves unavailable)
Will    .....                   (boots unavailable)
Stlth   ++........              d - amulet of regeneration
HPRegen 1.77/turn               j - +4 ring of protection
MPRegen 0.09/turn               m - ring of resist corrosion

@: brilliant
A: large, unfitting armour, claws 3, regeneration 1, shaggy fur 1, tough skin 1
a: no special abilities


You were on level 4 of the Dungeon.
You visited 1 branch of the dungeon, and saw 4 of its levels.

You collected 223 gold pieces.

Inventory:

Armour
 a - a +0 robe (worn)
 s - a +1 cloak (worn)
Jewellery
 d - an amulet of regeneration (around neck)
 j - a +4 ring of protection (left claw)
 m - a ring of resist corrosion (right claw)
Scrolls
 f - a scroll of fog
 k - a scroll of magic mapping
 o - 2 scrolls of teleportation
 q - a scroll of blinking
Potions
 b - a potion of ambrosia
 h - a potion of heal wounds
 r - a potion of degeneration


   Skills:
 + Level 3.2 Fighting
 + Level 3.2 Dodging
 - Level 1.0 Stealth
 * Level 4.8 Unarmed Combat


You had 4 spell levels left.
You didn't know any spells.
Your spell library contained the following spells:

 Spells                   Type           Power      Damage    Failure   Level
 Beastly Appendage        Tmut           0%         N/A       45%         1
 Wereblood                Tmut           0%         N/A       58%         2
 Frozen Ramparts          Ice            0%         1d1       83%         3
 Spider Form              Tmut/Pois      0%         N/A       83%         3
 Ice Form                 Ice/Tmut       0%         N/A       99%         4
 Summon Ice Beast         Ice/Summ       0%         N/A       99%         4


Dungeon Overview and Level Annotations

Branches:
Dungeon (4/15)
 Temple: D:4-7

Altars:

Annotations:
D:4 Duvessa


Innate Abilities, Weirdness & Mutations

You are too large for most types of armour.
You have claws for hands.
Your natural rate of healing is unusually fast.
You are covered in fur. (AC +1)
You have tough skin. (AC +1)


Message History

You start waiting.
You feel yourself slow down.
You climb downwards.
Level annotation: Duvessa Duvessa hits you with a +0 short sword!
Duvessa hits you with a +0 short sword. x2
The ball python hisses angrily.
There is a stone staircase leading up here.
Sorry, you're not good enough to have a special ability.
You feel clever all of a sudden. Duvessa hits you with a +0 short sword.
The ball python bites you but does no damage.
You claw Duvessa!
Duvessa is moderately wounded.
Duvessa hits you with a +0 short sword!
A worm comes into view.
The ball python barely misses you. Duvessa hits you with a +0 short sword!
* * * LOW HITPOINT WARNING * * *
You claw Duvessa!
Duvessa is heavily wounded.
Duvessa hits you but does no damage.
The ball python bites you but does no damage.
You claw Duvessa!
Duvessa is severely wounded.
Duvessa hits you with a +0 short sword!
* * * LOW HITPOINT WARNING * * *
The ball python bites you but does no damage.
You barely miss Duvessa.
Duvessa is severely wounded.
Duvessa closely misses you. The ball python closely misses you.
Duvessa hits you with a +0 short sword!
* * * LOW HITPOINT WARNING * * *
You claw Duvessa!
Duvessa is almost dead.
Duvessa hits you with a +0 short sword.
* * * LOW HITPOINT WARNING * * *
The ball python barely misses you.
You scratch Duvessa.
Duvessa is almost dead.
Duvessa hits you with a +0 short sword!
You die...

..............#.........,,*
#.....#####...#.########,,*
#.....# ##.##.# *****,,******
###.### #.##.# *,,,,,,,,,,,* #
#.# ##.##†# *,****,****,* # #.#
##...#.# *,* *,* *,* # #.#
#......# *,* *,* *,* # #o#
#.....)####.# *,* *,* # #.#
#.....S@e...#***,* *,* #
#.#****##.............,,* *,* #
#.#,,,.....#.#########******,*
###.#,**###..#.# **,**,* ....#,*
*#..w.#**********,*,*,* #####,*
**......,,,,,,,,,,***,,**
#****,***.......,,,*******,*,,,,*
#*,,,,,,,,..##.**,,,* **,*,,,,
?*,*****,,,,*,,,*,,,* *,,,,,,


You could see Duvessa (berserk), a worm and a ball python.

Vanquished Creatures
  Dowan (D:4)
  4 gnolls (D:2)
  6 adders
  6 endoplasms
  A giant cockroach (D:4)
  4 goblins
  4 hobgoblins
  3 quokkas
  2 ball pythons
  2 bats
  3 frilled lizards (D:1)
  4 kobolds
  4 rats (D:1)
44 creatures vanquished.

Notes
Turn   | Place    | Note
-------+----------+-------------------------------------------
     0 | D:1      | sanboga the Troll Monk began the quest for the Orb.
     0 | D:1      | Reached XP level 1. HP: 22/22 MP: 0/0
   479 | D:1      | Reached XP level 2. HP: 29/29 MP: 1/1
   773 | D:2      | Reached XP level 3. HP: 35/36 MP: 2/2
  1019 | D:2      | Reached skill level 4 in Unarmed Combat
  1042 | D:2      | Reached XP level 4. HP: 44/44 MP: 3/3
  1278 | D:3      | Found a faded altar of an unknown god.
  2099 | D:4      | Noticed Dowan
  2109 | D:4      | Killed Dowan
  2110 | D:4      | Reached XP level 5. HP: 53/53 MP: 4/4
  2116 | D:4      | Noticed Duvessa
  2187 | D:4      | HP: 2/53 [Duvessa/+0 short sword (3)]
  2188 | D:4      | Mangled by Duvessa

Illustrated notes

Levels and vault maps discovered:
D:1:      ebering_trefoil_twist, layout_basic
D:2:      layout_basic, chequers_mini_garden, kennysheep_generic_room_10
D:3:      layout_basic, basic_ecumenical_altar, nrook_uturn
D:4:      layout_loops_ring, kennysheep_mini_moat,
          chequers_temple_overflow_minitemple, okawaru_gym_becter, minivault_23,
          lightli_minifort, uniq_duvessa

Skill      XL: |  1  2  3  4 |
---------------+-------------+-----
Unarmed Combat | 4 |  4.8
Fighting       | 3 |  3.2
Dodging        | 3 |  3.2
Stealth        | |  1.0

Action                   |  1- 3 |  4- 6 || total
-------------------------+-------+-------++-------
Melee: Unarmed           |    76 |    41 ||   117
       Punch             |     1 |     1 ||     2
  Use: Scroll            |       |    13 ||    13
       Potion            |       |     7 ||     7
 Stab: Sleeping          |     5 |     3 ||     8
Armor: Robe              |    25 |    22 ||    47
Dodge: Dodged            |    33 |    22 ||    55
